TOP OF THE 1ST |
Omaha Storm Chasers batting - Pitching for Salt Lake Bees : LHP Nigel Turner
|
Pitching: LHP Nigel Turner
|
|
Batting: RHB Yuichi Takata
|
0-0: Foul Ball, location: 2F 0-1: Ball 1-1: Called Strike 1-2: Foul Ball, location: 2F 1-2: Ball 2-2: Ball 3-2: Strikes out looking
|
Batting: RHB Mikolas Markus
|
0-0: Foul Ball, location: 2F 0-1: Swinging Strike 0-2: Ball 1-2: Reached on error, E6 (Groundball, 6, EV 109.4 MPH)
|
Batting: RHB Nick Ogle
|
0-0: Ball 1-0: Swinging Strike 1-1: Foul Ball, location: 2F 1-2: Strikes out swinging
|
Batting: RHB Bob Najar
|
0-0: Ball 1-0: Called Strike 1-1: SINGLE (Groundball, 25, EV 75.6 MPH) (infield hit) Mikolas Markus to second
|
Batting: LHB Roman Downey
|
0-0: Ball 1-0: Ball 2-0: Foul Ball, location: 2F 2-1: SINGLE (Groundball, 34D, EV 99.4 MPH) Mikolas Markus to third Bob Najar to second Runner from 3rd tries for Home, SAFE, throw by RF to home
|
Batting: RHB Chris Cooper
|
0-0: Ball 1-0: Ball 2-0: Ball 3-0: Base on Balls Bob Najar to third Roman Downey to second
|
Batting: RHB Joeri Plas
|
0-0: Ball 1-0: Fielders Choice at 2nd, 5-4 (Groundball, 5, EV 102.5 MPH)
|
Top of the 1st over - 1 run, 2 hits, 1 error, 3 left on base; Omaha 1 - Salt Lake 0 |
BOTTOM OF THE 1ST |
Salt Lake Bees batting - Pitching for Omaha Storm Chasers : RHP Josh Moncada
|
Pitching: RHP Josh Moncada
|
|
Batting: RHB Justin Lauderdale
|
0-0: Ground out 4-3 (Groundball, 4, EV 103.8 MPH)
|
Batting: RHB Guillermo Mojica
|
0-0: Called Strike 0-1: Called Strike 0-2: Strikes out swinging
|
Batting: RHB Mike Harkins
|
0-0: Called Strike 0-1: Foul Ball, location: 2F 0-2: Ball 1-2: Strikes out swinging
|
Bottom of the 1st over - 0 runs, 0 hits, 0 errors, 0 left on base; Omaha 1 - Salt Lake 0 |
TOP OF THE 2ND |
Omaha Storm Chasers batting - Pitching for Salt Lake Bees : LHP Nigel Turner
|
Batting: RHB Aaron Moore
|
0-0: Ball 1-0: Swinging Strike 1-1: Foul Ball, location: 2F 1-2: Foul Ball, location: 2F 1-2: Hit by Pitch
|
Batting: RHB Gary Horgan
|
0-0: Called Strike Pickoff Throw to First - Error! E1 Aaron Moore to second 0-1: Called Strike 0-2: Ball 1-2: Ball 2-2: Ball 3-2: Base on Balls
|
Batting: RHB Yuichi Takata
|
0-0: Swinging Strike 0-1: Ball Aaron Moore steals 3rd base (no throw) Gary Horgan to second 1-1: Swinging Strike 1-2: Ball 2-2: Strikes out looking
|
Batting: RHB Mikolas Markus
|
0-0: Foul Ball, location: 2F 0-1: Swinging Strike 0-2: Ball 1-2: Ball 2-2: Foul Ball, location: 2F 2-2: Strikes out swinging
|
Batting: RHB Nick Ogle
|
0-0: Called Strike 0-1: Ball 1-1: Swinging Strike 1-2: 3-RUN HOME RUN (Flyball, 7D, EV 98.8 MPH), Distance : 380 ft
|
Batting: RHB Bob Najar
|
0-0: Called Strike 0-1: Foul Ball, location: 2F 0-2: Foul Ball, location: 2F 0-2: SINGLE (Groundball, 6MD, EV 101.3 MPH)
|
Batting: LHB Roman Downey
|
0-0: Called Strike 0-1: Foul Ball, location: 2F 0-2: Foul Ball, location: 2F 0-2: Foul Ball, location: 2F 0-2: Strikes out swinging
|
Top of the 2nd over - 3 runs, 2 hits, 1 error, 1 left on base; Omaha 4 - Salt Lake 0 |
BOTTOM OF THE 2ND |
Salt Lake Bees batting - Pitching for Omaha Storm Chasers : RHP Josh Moncada
|
Batting: RHB Andres Mendiola
|
0-0: Ball 1-0: Swinging Strike 1-1: Ball 2-1: Foul Ball, location: 2F 2-2: Foul Ball, location: 2F 2-2: Strikes out looking
|
Batting: LHB Matt Patnaude
|
0-0: Ball 1-0: Called Strike 1-1: Ball 2-1: Foul Ball, location: 2F 2-2: Fly out, F8 (Flyball, 89D, EV 93.8 MPH)
|
Batting: RHB Cesar Ortega
|
0-0: Fly out, F6 (Popup, 56D, EV 57.5 MPH)
|
Bottom of the 2nd over - 0 runs, 0 hits, 0 errors, 0 left on base; Omaha 4 - Salt Lake 0 |
TOP OF THE 3RD |
Omaha Storm Chasers batting - Pitching for Salt Lake Bees : LHP Nigel Turner
|
Batting: RHB Chris Cooper
|
0-0: Ball 1-0: Ball 2-0: Ball 3-0: Called Strike 3-1: Base on Balls
|
Batting: RHB Joeri Plas
|
0-0: Foul Ball, location: 2F 0-1: Ball 1-1: SINGLE (Groundball, 5S, EV 73.8 MPH) (infield hit) Chris Cooper to second
|
Batting: RHB Aaron Moore
|
0-0: SINGLE (Flyball, 9LS, EV 95.0 MPH) Chris Cooper to third Joeri Plas to second Runner from 3rd tries for Home, throw by RF and OUT! 9-2
|
Batting: RHB Gary Horgan
|
0-0: Called Strike 0-1: Ball 1-1: Foul Ball, location: 2F 1-2: Strikes out swinging
|
Batting: RHB Yuichi Takata
|
0-0: Called Strike 0-1: Foul Ball, location: 2F 0-2: Fly out, F7 (Line Drive, 78M, EV 95.0 MPH)
|
Top of the 3rd over - 0 runs, 2 hits, 0 errors, 2 left on base; Omaha 4 - Salt Lake 0 |
BOTTOM OF THE 3RD |
Salt Lake Bees batting - Pitching for Omaha Storm Chasers : RHP Josh Moncada
|
Batting: SHB Brendan Bundy
|
0-0: Foul Ball, location: 2F 0-1: Ball 1-1: Foul Ball, location: 2F 1-2: Ball 2-2: Foul Ball, location: 2F 2-2: Foul Ball, location: 2F 2-2: Foul Ball, location: 2F 2-2: Strikes out swinging
|
Batting: SHB Ivan Barry
|
0-0: SINGLE (Line Drive, 56D, EV 103.8 MPH)
|
Batting: RHB Justin Noll
|
0-0: Ball 1-0: Called Strike 1-1: Ball 2-1: Ball 3-1: Base on Balls Ivan Barry to second
|
Batting: RHB Justin Lauderdale
|
0-0: Ball 1-0: Fielders Choice at 2nd, 5-4 (Groundball, 56S, EV 86.3 MPH) Ivan Barry to third
|
Batting: RHB Guillermo Mojica
|
0-0: Ground out 6-3 (Groundball, 6S, EV 83.8 MPH)
|
Bottom of the 3rd over - 0 runs, 1 hit, 0 errors, 2 left on base; Omaha 4 - Salt Lake 0 |
TOP OF THE 4TH |
Omaha Storm Chasers batting - Pitching for Salt Lake Bees : LHP Nigel Turner
|
Now at C: Reginald McDougall
|
|
Batting: RHB Mikolas Markus
|
0-0: DOUBLE (Line Drive, 9LM, EV 111.3 MPH)
|
Batting: RHB Nick Ogle
|
0-0: Called Strike 0-1: Ball 1-1: 2-RUN HOME RUN (Flyball, 7LD, EV 92.5 MPH), Distance : 368 ft
|
Pitching: LHP Matt Barr
|
|
Batting: RHB Bob Najar
|
0-0: Called Strike 0-1: Fly out, F9 (Flyball, 89XD, EV 110.0 MPH)
|
Batting: LHB Roman Downey
|
0-0: Foul Ball, location: 2F 0-1: Foul Ball, location: 2F 0-2: Ground out 6-3 (Groundball, 56, EV 100.0 MPH)
|
Batting: RHB Chris Cooper
|
0-0: Ball 1-0: Foul Ball, location: 2F 1-1: Ball 2-1: Foul Ball, location: 2F 2-2: Ground out 6-3 (Groundball, 6MD, EV 108.1 MPH)
|
Top of the 4th over - 2 runs, 2 hits, 0 errors, 0 left on base; Omaha 6 - Salt Lake 0 |
BOTTOM OF THE 4TH |
Salt Lake Bees batting - Pitching for Omaha Storm Chasers : RHP Josh Moncada
|
Batting: RHB Mike Harkins
|
0-0: Ball 1-0: Called Strike 1-1: Ball 2-1: Ball 3-1: Ground out U3 (Groundball, 3, EV 76.9 MPH)
|
Batting: RHB Andres Mendiola
|
0-0: Ball 1-0: Foul Ball, location: 2F 1-1: Ball 2-1: SINGLE (Groundball, 4MD, EV 95.0 MPH)
|
Batting: LHB Matt Patnaude
|
0-0: Called Strike 0-1: Called Strike 0-2: Strikes out looking
|
Batting: RHB Cesar Ortega
|
0-0: Foul Ball, location: 2F 0-1: Ball Andres Mendiola steals 2nd base 1-1: Fly out, F4 (Popup, 34S, EV 75.0 MPH)
|
Bottom of the 4th over - 0 runs, 1 hit, 0 errors, 1 left on base; Omaha 6 - Salt Lake 0 |
TOP OF THE 5TH |
Omaha Storm Chasers batting - Pitching for Salt Lake Bees : LHP Matt Barr
|
Batting: RHB Joeri Plas
|
0-0: Ball 1-0: Ground out 6-3 (Groundball, 6, EV 83.1 MPH)
|
Batting: RHB Aaron Moore
|
0-0: Ground out 4-3 (Groundball, 34, EV 100.6 MPH)
|
Batting: RHB Gary Horgan
|
0-0: Called Strike 0-1: Ball 1-1: Called Strike 1-2: Strikes out swinging
|
Top of the 5th over - 0 runs, 0 hits, 0 errors, 0 left on base; Omaha 6 - Salt Lake 0 |
BOTTOM OF THE 5TH |
Salt Lake Bees batting - Pitching for Omaha Storm Chasers : RHP Josh Moncada
|
Batting: SHB Brendan Bundy
|
0-0: Ball 1-0: Foul Ball, location: 2F 1-1: Foul Ball, location: 2F 1-2: Foul Ball, location: 2F 1-2: Foul Ball, location: 2F 1-2: DOUBLE (Flyball, 78D, EV 98.1 MPH)
|
Batting: SHB Ivan Barry
|
0-0: Ball 1-0: Foul Ball, location: 2F 1-1: Ball 2-1: Foul Ball, location: 2F 2-2: Foul Ball, location: 2F 2-2: Ball 3-2: Base on Balls
|
Batting: RHB Reginald McDougall
|
0-0: Ball 1-0: Called Strike 1-1: Fielders Choice at 2nd, 1-4 (Groundball, 25, EV 71.3 MPH) Brendan Bundy to third
|
Batting: RHB Justin Lauderdale
|
0-0: Ball 1-0: Foul Ball, location: 2F 1-1: Called Strike Reginald McDougall steals 2nd base (no throw) 1-2: Ball 2-2: Strikes out swinging
|
Batting: RHB Guillermo Mojica
|
0-0: Ball 1-0: Foul Ball, location: 2F 1-1: SINGLE (Groundball, 56D, EV 95.0 MPH) Brendan Bundy scores Reginald McDougall to third Runner from 3rd tries for Home, SAFE, throw by LF to home Guillermo Mojica to second
|
Pitching: RHP Sergio Quinones
|
|
Batting: RHB Mike Harkins
|
0-0: Ball 1-0: Called Strike 1-1: Foul Ball, location: 2F 1-2: Ground out 5-3 (Groundball, 56, EV 83.1 MPH)
|
Bottom of the 5th over - 2 runs, 2 hits, 0 errors, 1 left on base; Omaha 6 - Salt Lake 2 |
TOP OF THE 6TH |
Omaha Storm Chasers batting - Pitching for Salt Lake Bees : LHP Matt Barr
|
Batting: RHB Yuichi Takata
|
0-0: Ball 1-0: Ball 2-0: Foul Ball, location: 2F 2-1: Ball 3-1: Swinging Strike 3-2: Strikes out swinging
|
Batting: RHB Mikolas Markus
|
0-0: Called Strike 0-1: Ball 1-1: Ground out 4-3 (Groundball, 4, EV 89.4 MPH)
|
Batting: RHB Nick Ogle
|
0-0: Called Strike 0-1: Swinging Strike 0-2: Fly out, F3 (Line Drive, 3, EV 67.5 MPH)
|
Top of the 6th over - 0 runs, 0 hits, 0 errors, 0 left on base; Omaha 6 - Salt Lake 2 |
BOTTOM OF THE 6TH |
Salt Lake Bees batting - Pitching for Omaha Storm Chasers : RHP Sergio Quinones
|
Batting: RHB Andres Mendiola
|
0-0: Ball 1-0: Swinging Strike 1-1: Ball 2-1: Ball 3-1: Base on Balls
|
Batting: LHB Matt Patnaude
|
0-0: Called Strike 0-1: Called Strike 0-2: Ball 1-2: Foul Ball, location: 2F 1-2: Ball 2-2: Strikes out swinging
|
Batting: RHB Cesar Ortega
|
0-0: Swinging Strike 0-1: Ball 1-1: Ball 2-1: Fielders Choice at 2nd, 4-6 (Groundball, 4, EV 83.8 MPH)
|
Batting: SHB Brendan Bundy
|
0-0: Called Strike 0-1: Called Strike 0-2: Ball Cesar Ortega is caught stealing 2nd base 2-6
|
Bottom of the 6th over - 0 runs, 0 hits, 0 errors, 0 left on base; Omaha 6 - Salt Lake 2 |
TOP OF THE 7TH |
Omaha Storm Chasers batting - Pitching for Salt Lake Bees : LHP Matt Barr
|
Pitching: LHP Pete Zamarron
|
|
Batting: RHB Bob Najar
|
0-0: Ball 1-0: SINGLE (Groundball, 56D, EV 105.6 MPH)
|
Batting: LHB Roman Downey
|
0-0: Ball 1-0: Called Strike Bob Najar steals 2nd base (no throw) 1-1: Foul Ball, location: 2F 1-2: Ball 2-2: Ball 3-2: Strikes out looking
|
Batting: RHB Chris Cooper
|
0-0: Called Strike 0-1: Called Strike 0-2: Ball 1-2: Ball 2-2: Ball 3-2: Foul Ball, location: 2F 3-2: Foul Ball, location: 2F 3-2: Fly out, F8 (Flyball, 8LXD, EV 90.6 MPH) Runner from 2nd tags up, SAFE at 3rd, no throw by CF
|
Batting: RHB Joeri Plas
|
0-0: Called Strike 0-1: Ball Wild Pitch! Bob Najar scores 1-1: Foul Ball, location: 2F 1-2: SINGLE (Groundball, 6MD, EV 98.1 MPH)
|
Batting: RHB Aaron Moore
|
0-0: Ball 1-0: Called Strike 1-1: Ball Passed Ball! Joeri Plas to second 2-1: SINGLE (Line Drive, 9LS, EV 103.1 MPH) Joeri Plas to third Runner from 3rd tries for Home, SAFE, throw by RF to home
|
Batting: RHB Gary Horgan
|
0-0: Called Strike Aaron Moore steals 2nd base 0-1: Called Strike 0-2: Fly out, F2 (Popup, 23F, EV 85.6 MPH)
|
Top of the 7th over - 2 runs, 3 hits, 0 errors, 1 left on base; Omaha 8 - Salt Lake 2 |
BOTTOM OF THE 7TH |
Salt Lake Bees batting - Pitching for Omaha Storm Chasers : RHP Sergio Quinones
|
Batting: SHB Brendan Bundy
|
0-0: Ball 1-0: Foul Ball, location: 2F 1-1: Foul Ball, location: 2F 1-2: Strikes out swinging
|
Batting: SHB Ivan Barry
|
0-0: SINGLE (Groundball, 6MD, EV 93.8 MPH)
|
Pitching: RHP Chris Geraci
|
|
Batting: RHB Reginald McDougall
|
0-0: Ball 1-0: Ball 2-0: Fly out, F9 (Line Drive, 9, EV 95.0 MPH)
|
Batting: RHB Justin Lauderdale
|
0-0: Fielders Choice at 2nd, 5-4 (Groundball, 56, EV 88.8 MPH)
|
Bottom of the 7th over - 0 runs, 1 hit, 0 errors, 1 left on base; Omaha 8 - Salt Lake 2 |
TOP OF THE 8TH |
Omaha Storm Chasers batting - Pitching for Salt Lake Bees : LHP Pete Zamarron
|
Pitching: RHP Bill Tindall
|
|
Batting: RHB Yuichi Takata
|
0-0: Called Strike 0-1: Ball 1-1: Foul Ball, location: 2F 1-2: Ball 2-2: SINGLE (Line Drive, 4M, EV 106.3 MPH)
|
Batting: RHB Mikolas Markus
|
0-0: Ball Yuichi Takata steals 2nd base (no throw) 1-0: Ball 2-0: Called Strike 2-1: Swinging Strike 2-2: Foul Ball, location: 2F 2-2: Foul Ball, location: 2F 2-2: Ball 3-2: Foul Ball, location: 2F 3-2: Fly out, F8 (Flyball, 8RXD, EV 104.4 MPH) Runner from 2nd tags up, SAFE at 3rd, no throw by CF
|
Batting: RHB Nick Ogle
|
0-0: Called Strike 0-1: Ball 1-1: Ball 2-1: Ball 3-1: Foul Ball, location: 2F 3-2: Base on Balls
|
Batting: RHB Bob Najar
|
0-0: Foul Ball, location: 2F 0-1: Ball 1-1: Foul Ball, location: 2F 1-2: Ball 2-2: Ball 3-2: Base on Balls Nick Ogle to second
|
Batting: LHB Roman Downey
|
0-0: Ball 1-0: Foul Ball, location: 2F 1-1: Swinging Strike 1-2: Foul Ball, location: 2F 1-2: Ball 2-2: Grounds into double play, 4-6-3 (Groundball, 4, EV 80.6 MPH)
|
Top of the 8th over - 0 runs, 1 hit, 0 errors, 2 left on base; Omaha 8 - Salt Lake 2 |
BOTTOM OF THE 8TH |
Salt Lake Bees batting - Pitching for Omaha Storm Chasers : RHP Chris Geraci
|
Batting: RHB Guillermo Mojica
|
0-0: Ball 1-0: Foul Ball, location: 2F 1-1: Ball 2-1: Ball 3-1: Ground out 1-3 (Groundball, P, EV 65.0 MPH)
|
Batting: RHB Mike Harkins
|
0-0: Ball 1-0: Foul Ball, location: 2F 1-1: Ball 2-1: SINGLE (Groundball, 56D, EV 94.4 MPH)
|
Batting: RHB Andres Mendiola
|
0-0: Ball 1-0: Called Strike 1-1: Called Strike 1-2: Ball Wild Pitch! Mike Harkins to second 2-2: Foul Ball, location: 2F 2-2: Ball 3-2: Strikes out swinging
|
Batting: LHB Matt Patnaude
|
0-0: Ball 1-0: Foul Ball, location: 2F 1-1: Foul Ball, location: 2F 1-2: Reached on error, E4 (Groundball, 4, EV 106.9 MPH) Mike Harkins to third
|
Batting: RHB Cesar Ortega
|
0-0: Called Strike 0-1: Ball 1-1: Ball 2-1: Ball 3-1: SINGLE (Flyball, 6D, EV 85.6 MPH) Mike Harkins scores Matt Patnaude to second
|
Batting: SHB Brendan Bundy
|
0-0: Foul Ball, location: 2F 0-1: Ball 1-1: Foul Ball, location: 2F 1-2: Strikes out swinging
|
Bottom of the 8th over - 1 run, 2 hits, 1 error, 2 left on base; Omaha 8 - Salt Lake 3 |
TOP OF THE 9TH |
Omaha Storm Chasers batting - Pitching for Salt Lake Bees : RHP Bill Tindall
|
Pitching: RHP Kirk Thacker
|
|
Batting: LHB Bill Baconneck
|
0-0: Ball 1-0: Foul Ball, location: 2F 1-1: Called Strike 1-2: Strikes out swinging
|
Batting: RHB Joeri Plas
|
0-0: Swinging Strike 0-1: Ball 1-1: Ball 2-1: Ground out 5-3 (Groundball, 56, EV 103.8 MPH)
|
Batting: RHB Aaron Moore
|
0-0: Ground out 3-1 (Groundball, 34, EV 82.5 MPH)
|
Top of the 9th over - 0 runs, 0 hits, 0 errors, 0 left on base; Omaha 8 - Salt Lake 3 |
BOTTOM OF THE 9TH |
Salt Lake Bees batting - Pitching for Omaha Storm Chasers : RHP Chris Geraci
|
Batting: SHB Ivan Barry
|
0-0: Ground out 4-3 (Groundball, 13, EV 81.9 MPH)
|
Batting: RHB Reginald McDougall
|
0-0: Swinging Strike 0-1: Foul Ball, location: 2F 0-2: Ball 1-2: Strikes out looking and he ARGUES THE CALL AND IS TOSSED!
|
Batting: RHB Justin Lauderdale
|
0-0: Ball 1-0: Ball 2-0: Ball 3-0: Called Strike 3-1: Called Strike 3-2: SINGLE (Line Drive, 4M, EV 101.3 MPH)
|
Batting: RHB Guillermo Mojica
|
0-0: Called Strike 0-1: Swinging Strike 0-2: Ball 1-2: Ball 2-2: Foul Ball, location: 2F 2-2: Foul Ball, location: 2F 2-2: Foul Ball, location: 2F 2-2: Foul Ball, location: 2F 2-2: Ball 3-2: Foul Ball, location: 2F 3-2: Base on Balls Justin Lauderdale to second
|
Pitching: RHP Antonio Santos
|
|
Batting: RHB Mike Harkins
|
0-0: Called Strike 0-1: Fielders Choice at 2nd, 4-6 (Groundball, 4MD, EV 86.3 MPH)
|
Bottom of the 9th over - 0 runs, 1 hit, 0 errors, 2 left on base; Omaha 8 - Salt Lake 3 |
|